 Dungeon Crawl Stone Soup version 0.26-a0-752-gcff87cac9a (webtiles) character file.

Game seed: 9373909532113267068

366 robertstho the Firebug (level 6, 0/44 HPs)
             Began as a Gnoll Fire Elementalist on Nov 6, 2020.
             Killed by divine providence
             ... invoked by an orc priest
              (14 damage)
             ... on level 3 of the Dungeon.
             The game lasted 00:05:40 (3246 turns).

robertstho the Firebug (Gnoll Fire Elementalist)    Turns: 3246, Time: 00:05:41

Health: 0/44       AC:  4    Str: 10    XL:     6   Next: 68%
Magic:  14/14      EV: 15    Int: 19    God:
Gold:   139        SH:  5    Dex: 16    Spells: 7/15 levels left

rFire    + . .     SeeInvis .   l - +0 dagger (elec)
rCold    + . .     Faith    .   (no shield)
rNeg     . . .     Spirit   .   a - +0 robe
rPois    +         Reflect  +   m - +0 helmet
rElec    +         Harm     .   e - +0 cloak
rCorr    +         Rampage  .   (no gloves)
MR       .....                  (no boots)
Stlth    +++.......             k - amulet of reflection
HPRegen  0.14/turn              (no ring)
MPRegen  0.14/turn              (no ring)

@: mighty, resistant, attractive
A: distributed training, fangs 1, strong nose
a: no special abilities


You were on level 3 of the Dungeon.
You visited 1 branch of the dungeon, and saw 3 of its levels.

You collected 139 gold pieces.

Inventory:

Hand Weapons
 d - a +0 whip
 l - a +0 dagger of electrocution (weapon)
Armour
 a - a +0 robe (worn)
 e - a +0 cloak (worn)
 m - a +0 helmet (worn)
Jewellery
 k - an amulet of reflection (around neck)
Scrolls
 b - 2 scrolls of noise {unknown}
 c - a scroll of fear
 g - 2 scrolls of magic mapping
 h - 2 scrolls of immolation {unknown}
 o - 2 scrolls of fog {unknown}
 q - a scroll of remove curse {unknown}
 s - a scroll of enchant armour {unknown}
Potions
 j - a potion of might
 r - a potion of flight {unknown}


   Skills:
 + Level 2.1 Fighting
 + Level 2.1 Short Blades
 + Level 2.1 Long Blades
 + Level 2.1 Axes
 + Level 2.1 Maces & Flails
 + Level 2.1 Polearms
 + Level 2.1 Staves
 + Level 2.1 Slings
 + Level 2.1 Bows
 + Level 2.1 Crossbows
 + Level 2.1 Throwing
 + Level 2.1 Armour
 + Level 5.0 Dodging
 + Level 4.6 Stealth
 + Level 2.1 Shields
 + Level 2.1 Unarmed Combat
 + Level 5.4 Spellcasting
 + Level 2.7 Conjurations
 + Level 1.6 Hexes
 + Level 1.6 Summonings
 + Level 1.6 Necromancy
 + Level 1.6 Translocations
 + Level 1.6 Transmutations
 + Level 5.7 Fire Magic
 + Level 1.6 Ice Magic
 + Level 1.6 Air Magic
 + Level 1.6 Earth Magic
 + Level 1.6 Poison Magic
 + Level 2.3 Invocations
 + Level 2.1 Evocations


You had 7 spell levels left.
You knew the following spells:

 Your Spells              Type           Power        Failure   Level
a - Foxfire               Conj/Fire      ###.         1%          1
b - Conjure Flame         Conj/Fire      ###.....     6%          3
c - Sticky Flame          Conj/Fire      ###.....     21%         4

Your spell library contained the following spells:

 Spells                   Type           Power        Failure   Level
 Inner Flame              Hex/Fire       ###.....     8%          3
 Fireball                 Conj/Fire      ###.......   50%         5


Dungeon Overview and Level Annotations

Branches:
Dungeon (3/15)

Altars:
Cheibriados
Nemelex Xobeh


Innate Abilities, Weirdness & Mutations

Your experience applies equally to all skills.
You have very sharp teeth.
Your uncanny sense of smell can sniff out nearby items.


Message History

The orc misses you.
It was a potion of attraction.
You feel attractive to monsters. The orc misses you.
It was a potion of resistance.
You feel protected. The orc closely misses you. The orc is pulled toward you!
The orc misses you.
It was a potion of curing.
You feel better. You block the orc's attack.
You puncture the orc!
You kill the orc!
The orc is pulled toward you! The orc barely misses you.
You barely miss the orc. The orc priest is pulled toward you!
The orc closely misses you.
You puncture the orc! Lightning courses through the orc!
You kill the orc!
The orc priest is pulled toward you!
The orc priest invokes the aid of Beogh against you.
Beogh smites you!
You die...

...### #......#.......#
.#...## #........#.....#
[....†######...)...##.....#
####......##...)..#########
....<......#......######
######...........)#....#
#..>..............#
#.................#
#....######@##..).## #....#
#o##.....#
################........#
.........o.......†......#
###################.....#
#.....# #######


You could see an orc priest.

Vanquished Creatures
  Sigmund (D:2)
  An orc wizard (D:3)
  Jessica (D:2)
  Robin (D:2)
  3 adders (D:3)
  3 gnolls (D:3)
  2 oozes (D:1)
  3 worms
  6 orcs (D:3)
  A giant cockroach (D:3)
  12 goblins
  10 hobgoblins
  7 bats
  4 frilled lizards
  7 kobolds
  4 rats
66 creatures vanquished.

Vanquished Creatures (others)
  193 foxfires
193 creatures vanquished.

Grand Total: 259 creatures vanquished

Notes
Turn   | Place    | Note
-------+----------+-------------------------------------------
     0 | D:1      | robertstho the Gnoll Fire Elementalist began the quest for
                  | the Orb.
     0 | D:1      | Reached XP level 1. HP: 13/13 MP: 6/6
   459 | D:1      | Reached XP level 2. HP: 19/19 MP: 4/7
   737 | D:1      | Reached XP level 3. HP: 25/25 MP: 3/9
   869 | D:1      | Reached skill level 5 in Spellcasting
  1153 | D:2      | Found a sparkling altar of Nemelex Xobeh.
  1430 | D:2      | Reached skill level 1 in Invocations
  1450 | D:2      | Noticed Robin
  1456 | D:2      | Killed Robin
  1456 | D:2      | Reached skill level 1 in Fighting
  1456 | D:2      | Reached skill level 1 in Short Blades
  1456 | D:2      | Reached skill level 1 in Long Blades
  1456 | D:2      | Reached skill level 1 in Axes
  1456 | D:2      | Reached skill level 1 in Maces & Flails
  1456 | D:2      | Reached skill level 1 in Polearms
  1456 | D:2      | Reached skill level 1 in Staves
  1456 | D:2      | Reached skill level 1 in Slings
  1456 | D:2      | Reached skill level 1 in Bows
  1456 | D:2      | Reached skill level 1 in Crossbows
  1456 | D:2      | Reached skill level 1 in Throwing
  1456 | D:2      | Reached skill level 1 in Armour
  1456 | D:2      | Reached skill level 1 in Shields
  1456 | D:2      | Reached skill level 1 in Unarmed Combat
  1456 | D:2      | Reached skill level 1 in Evocations
  1468 | D:2      | Reached XP level 4. HP: 29/32 MP: 0/11
  2004 | D:2      | Noticed Sigmund
  2022 | D:2      | Learned a level 3 spell: Conjure Flame
  2027 | D:2      | Learned a level 4 spell: Sticky Flame
  2042 | D:2      | Killed Sigmund
  2042 | D:2      | Reached skill level 1 in Hexes
  2042 | D:2      | Reached skill level 1 in Summonings
  2042 | D:2      | Reached skill level 1 in Necromancy
  2042 | D:2      | Reached skill level 1 in Translocations
  2042 | D:2      | Reached skill level 1 in Transmutations
  2042 | D:2      | Reached skill level 1 in Ice Magic
  2042 | D:2      | Reached skill level 1 in Air Magic
  2042 | D:2      | Reached skill level 1 in Earth Magic
  2042 | D:2      | Reached skill level 1 in Poison Magic
  2042 | D:2      | Reached XP level 5. HP: 38/38 MP: 12/12
  2042 | D:2      | Reached XP level 6. HP: 44/44 MP: 13/13
  2120 | D:2      | Noticed Jessica
  2133 | D:2      | Killed Jessica
  2707 | D:3      | Reached skill level 5 in Dodging
  2836 | D:3      | Found a snail-covered altar of Cheibriados.
  3246 | D:3      | Killed from afar by an orc priest

Illustrated notes

Levels and vault maps discovered:
D:1:      zaba_arrival_water, layout_loops_corners
D:2:      layout_loops_ring, serial_co_window_serial, co_window_corner_a,
          co_window_paths_a, co_window_paths_a, co_window_paths_a,
          co_window_paths_a, co_window_2corner, co_window_of_opportunity_c,
          co_window_unsneaky_path_b, co_window_cross_3, co_window_4corner_b,
          glass_columns_b, ebering_dispersal_statue_hall,
          nemelex_xobeh_ov_fountains_minmay, uniq_sigmund, uniq_jessica,
          uniq_robin
D:3:      layout_rooms, cheibriados_altar_1

Skill      XL: |  1  2  3  4  5  6 |
---------------+-------------------+-----
Conjurations   | 2 |  2.7
Spellcasting   | 5 |  5.4
Invocations    | 1 2 |  2.3
Fighting       | 1 2 |  2.1
Short Blades   | 1 2 |  2.1
Long Blades    | 1 2 |  2.1
Axes           | 1 2 |  2.1
Maces & Flails | 1 2 |  2.1
Polearms       | 1 2 |  2.1
Staves         | 1 2 |  2.1
Slings         | 1 2 |  2.1
Bows           | 1 2 |  2.1
Crossbows      | 1 2 |  2.1
Throwing       | 1 2 |  2.1
Armour         | 1 2 |  2.1
Shields        | 1 2 |  2.1
Unarmed Combat | 1 2 |  2.1
Evocations     | 1 2 |  2.1
Hexes          | 1 |  1.6
Summonings     | 1 |  1.6
Necromancy     | 1 |  1.6
Translocations | 1 |  1.6
Transmutations | 1 |  1.6
Ice Magic      | 1 |  1.6
Air Magic      | 1 |  1.6
Earth Magic    | 1 |  1.6
Poison Magic   | 1 |  1.6
Dodging        | 5 |  5.0
Stealth        | |  4.6
Fire Magic     | |  5.7

Action                   |  1- 3 |  4- 6 || total
-------------------------+-------+-------++-------
Melee: Whip              |     3 |       ||     3
       Dagger            |     6 |    22 ||    28
       Bite              |     1 |     1 ||     2
 Cast: Foxfire           |    68 |    67 ||   135
       Sticky Flame      |       |     1 ||     1
  Use: Scroll            |       |     5 ||     5
       Potion            |       |     4 ||     4
 Stab: Sleeping          |       |     2 ||     2
Armor: Robe              |     3 |     6 ||     9
Dodge: Dodged            |    13 |    23 ||    36
Block: Other             |       |     6 ||     6

Table legend: (Time is in decaauts)
 A = Elapsed time spent in this place.
 B = Non-inter-level travel time spent in this place.
 C = Inter-level travel time spent in this place.
 D = Time resting spent in this place.
 E = Time spent auto-exploring this place.
 F = Levels seen in this place.
 G = Mean time per level.
                   A        B        C        D        E       F      G
               +--------+--------+--------+--------+--------+-----+--------+
         Total |   3249 |   3225 |     24 |    330 |   2410 |   3 | 1083.0 |
       Dungeon |   3249 |   3225 |     24 |    330 |   2410 |   3 | 1083.0 |
               +--------+--------+--------+--------+--------+-----+--------+

Top non-repeatable levels by time:
     D:2: 1234 daAuts
     D:1: 1069 daAuts
     D:3: 945 daAuts
